 Dungeon Crawl Stone Soup version 0.23.2 (webtiles) character file.

Game seed: 9810267147055341265

27 Gadfly the Grave Robber (level 2, -2/23 HPs)
             Began as a Draconian Necromancer on Apr 14, 2019.
             Slain by an adder (3 damage)
             ... on level 2 of the Dungeon.
             The game lasted 00:02:06 (1556 turns).

Gadfly the Grave Robber (Draconian Necromancer)     Turns: 1556, Time: 00:02:06

Health: -2/23      AC:  4    Str: 10    XL:     2   Next: 93%
Magic:  5/5        EV: 12    Int: 15    God:
Gold:   41         SH:  0    Dex: 11    Spells: 4/5 levels left

rFire    . . .     SeeInvis .   b - +1 short sword (holy)
rCold    . . .     Gourm    .   (no shield)
rNeg     . . .     Faith    .   (armour unavailable)
rPois    .         Spirit   .   (helmet restricted)
rElec    .         Reflect  .   (no cloak)
rCorr    .         Harm     .   (no gloves)
MR       .....                  (no boots)
Stlth    ++........             (no amulet)
HPRegen  0.07/turn              (no ring)
MPRegen  0.09/turn              (no ring)

@: lethally poisoned (-2 -> -8)
A: unfitting armour, cold-blooded, AC +4
a: no special abilities


You were on level 2 of the Dungeon.
You were not hungry.

You visited 1 branch of the dungeon, and saw 2 of its levels.

You collected 41 gold pieces.

Inventory:

Hand Weapons
 a - a +0 club
 b - a +1 short sword of holy wrath (weapon)
Scrolls
 c - a scroll of identify
 e - a scroll of teleportation


   Skills:
 + Level 1.0 Fighting
 + Level 0.1 Short Blades
 + Level 2.0 Dodging
 - Level 1.7 Stealth
 * Level 2.4 Spellcasting
 * Level 4.3 Necromancy


You had 4 spell levels left.
You knew the following spells:

 Your Spells              Type           Power        Failure   Level  Hunger
a - Pain                  Necr           ##..         3%          1    #......

Your spell library contained the following spells:

 Spells                   Type           Power        Failure   Level  Hunger
 Animate Skeleton         Necr           N/A          3%          1    #......
 Vampiric Draining        Necr           ##........   11%         3    ###....
 Regeneration             Chrm/Necr      #.........   26%         3    ###....
 Animate Dead             Necr           N/A          34%         4    #####..


Dungeon Overview and Level Annotations

Branches:
Dungeon (2/15)

Altars:


Innate Abilities, Weirdness & Mutations

Your plain brown scales are hard. (AC +4)
You cannot fit into any form of body armour.
You are cold-blooded and may be slowed by cold attacks.


Message History

You hit the goblin.
The goblin is heavily wounded.
The bat barely misses you. The bat closely misses you.
The goblin hits you but does no damage. The hobgoblin closely misses you.
The adder barely misses you.
You closely miss the bat.
Your tail-slap misses the bat.
The bat is severely wounded.
The bat hits you but does no damage. The adder bites you.
You are poisoned.
The adder poisons you! The goblin hits you but does no damage.
The hobgoblin hits you with a +0 club.
* * * LOW HITPOINT WARNING * * *
The bat hits you but does no damage.
You swing at nothing.
* * * LOW HITPOINT WARNING * * *
You feel sick. The bat barely misses you. The adder barely misses you.
The goblin barely misses you. The hobgoblin hits you with a +0 club.
* * * LOW HITPOINT WARNING * * *
The rat closely misses you. The adder bites you.
You die...

#....#...###...# #
#....#+#...+..<#
#.........##...#
#######.........##...#
#....................+
..........##+##......#
......?...# #........
.....b...## #.###.##.
......g@.# #. #....
......rgS..!.# #.
..#............. .
#.............
#.............
#......##+####
#....... #.......


You could see an adder, a hobgoblin, a goblin, a bat and a rat.

Vanquished Creatures
  3 dart slugs (D:1)
  2 goblins (D:1)
  5 hobgoblins (D:1)
  5 bats
  A frilled lizard (D:2)
  A kobold (D:1)
  5 rats (D:1)
22 creatures vanquished.

Notes
Turn   | Place    | Note
-------+----------+-------------------------------------------
     0 | D:1      | Gadfly the Draconian Necromancer began the quest for the
                  | Orb.
     0 | D:1      | Reached XP level 1. HP: 14/14 MP: 3/3
   214 | D:1      | Reached XP level 2. HP: 21/22 MP: 1/5
  1214 | D:1      | Reached skill level 1 in Fighting
  1556 | D:2      | HP: 1/23 [hobgoblin/+0 club (3)]
  1556 | D:2      | Slain by an adder

Skill      XL: |  1  2 |
---------------+-------+-----
Dodging        | 2 |  2.0
Fighting       | 1 |  1.0
Short Blades   | |  0.1
Stealth        | |  1.7
Spellcasting   | |  2.4
Necromancy     | |  4.3

Action                   || total
-------------------------++-------
Melee: Unarmed           ||    28
       Tailslap          ||     6
       Short sword       ||    35
 Cast: Pain              ||    16
  Use: Scroll            ||     2
 Stab: Sleeping          ||     1
  Eat: Ration            ||     1
Armor: Skin              ||    27
Dodge: Dodged            ||    62
